 Dungeon Crawl Stone Soup version 0.27.0-1-g7a089689b8 (webtiles) character file.

Game seed: 6504069826935875644

0 gimp the Sneak (level 1, -2/18 HPs)
             Began as a Human Delver on Aug 10, 2021.
             Slain by a gnoll (5 damage)
             ... on level 4 of the Dungeon.
             The game lasted 00:00:34 (72 turns).

gimp the Sneak (Human Delver)                         Turns: 72, Time: 00:00:35

Health: -2/18      AC:  4    Str: 12    XL:     1   Next: 11%
Magic:  1/1        EV: 12    Int: 10    God:
Gold:   2          SH:  0    Dex: 14    Spells: 0/0 levels left

rFire    + . .     SeeInvis .   a - +0 mace
rCold    + . .     Faith    .   (no shield)
rNeg     . . .     Spirit   .   b - +0 leather armour
rPois    +         Reflect  .   (no helmet)
rElec    +         Harm     .   h - +0 cloak
rCorr    +         Rampage  .   (no gloves)
Will     .....                  (no boots)
Stlth    +++.......             (no amulet)
HPRegen  0.06/turn              (no ring)
MPRegen  0.07/turn              (no ring)

@: resistant
A: no striking features
a: no special abilities


You were on level 4 of the Dungeon.
You visited 1 branch of the dungeon, and saw 3 of its levels.

You collected 2 gold pieces.

Inventory:

Hand Weapons
 a - a +0 mace (weapon)
Armour
 b - a +0 leather armour (worn)
 h - a +0 cloak (worn)
Wands
 g - a wand of digging (3)
Scrolls
 c - a scroll of fog
 d - a scroll of magic mapping
 e - a scroll of fear
Potions
 f - a potion of haste


   Skills:
 + Level 3.0 Fighting
 * Level 2.0 Maces & Flails
 + Level 0.0 Armour
 - Level 2.0 Dodging
 - Level 5.0 Stealth


You couldn't memorise any spells.
You didn't know any spells.
Your spell library was empty.

Dungeon Overview and Level Annotations

Branches:
Dungeon (5/15)
 Temple: D:4-7

Altars:

Annotations:
D:4 Jessica


Message History

2 gnolls and Jessica come into view.
The gnoll shouts! x2; You hear a shout!
You hear an angry hiss.
Jessica shouts!
You hear a shout! x2
There is a stone staircase leading down here.
A hobgoblin comes into view.
Jessica barely misses you. The gnoll barely misses you.
You climb downwards.
There is a stone staircase leading up here.
The gnoll barely misses you.
Jessica points at you and mumbles some strange words.
You resist with significant effort.
You hit the gnoll but do no damage. The gnoll barely misses you.
You closely miss the gnoll. The gnoll closely misses you.
You closely miss the gnoll.
Jessica casts a spell.
Jessica blinks!
The gnoll hits you with a +0 club.
You take 2 damage, and have 16/18 hp.
You closely miss the gnoll.
Jessica gestures wildly while chanting.
Jessica blinks!
The gnoll hits you with a +0 club! The gnoll hits you with a +0 club.
* * * LOW HITPOINT WARNING * * *
You take 11 damage, and have 5/18 hp.
MASSIVE DAMAGE!!
You are too injured to fight recklessly!
You hit the gnoll.
The gnoll is lightly wounded.
The gnoll hits you with a +0 club.
* * * LOW HITPOINT WARNING * * *
You take 2 damage, and have 3/18 hp.
It was a potion of resistance.
You feel protected. The gnoll barely misses you.
You hit the gnoll.
The gnoll is severely wounded.
The gnoll hits you but does no damage.
You hit the gnoll.
The gnoll is almost dead.
Jessica mumbles some strange words.
Jessica blinks!
The gnoll barely misses you. The gnoll hits you with a +0 club.
You die...

#. #.# #. #.#
#.#####.#.# #......
#.# #.##.####)#
..>.....#.########
#..#.##.#.......ยง#
##......<....<##g#
^..........#####@#
###..............#
#.##.###.#######
#+##.....# #######


You could see a gnoll.

Vanquished Creatures
  A kobold (D:4)
1 creature vanquished.

Notes
Turn   | Place    | Note
-------+----------+-------------------------------------------
     0 | D:5      | gimp the Human Delver began the quest for the Orb.
     0 | D:5      | Reached XP level 1. HP: 18/18 MP: 1/1
     2 | D:5      | Noticed an iguana
    56 | D:3      | Noticed Jessica
    72 | D:4      | Slain by a gnoll

Illustrated notes

Levels and vault maps discovered:
D:3:      layout_loops_ring, ebering_ecumenical_altar_sacrificial, uniq_jessica
D:4:      layout_basic, minmay_temple_entry_mini_moons, minmay_surrounded
D:5:      layout_cave_pools, corexii_corridor_pit, chequers_big_river,
          kennysheep_opposing_triangles

Action                   || total
-------------------------++-------
Melee: Mace              ||     8
  Use: Potion            ||     1
 Stab: Sleeping          ||     1
Armor: Leather armour    ||     1
Dodge: Dodged            ||     7
